AoeStats
← beneath mariana

Hideout

503348710Analyzed
4v4 RM · 1mo ago on Aug 31, 2026· 48m 44s· 8 players
Game mode
Random Map
Map size
Large (8 player)
Population
200
Speed
Normal
Resources
Standard
Victory
Conquest
Starting age
Dark Age
Ending age
Imperial Age
RankedLock teamsTeams togetherTeam positionsShared explorationLock speedFull tech treeHidden civsTurbo modeCheats
Victory
Defeat
🇨🇳 Khmer · China
1452
+12
🇨🇳 Khitans · China
1451
+12
🇰🇷 Britons · South Korea
1423
+13
🇹🇭 Ethiopians · Thailand
1412
+13
🇻🇳 Khmer · Vietnam
1376
-13
🇦🇺 Franks · Australia
1364
-13
🇩🇪 Byzantines · Germany
1334
-12
🇩🇪 Koreans · Germany
1334
-12
Paladin
11:13 Feudal Age
14:52 Castle Age
13:30 Double-Bit Axe
13:35 Domestication
15:53 Husbandry
15:27 Light Cavalry
16:50 Forging
17:42 Husbandry
21:13 Bow Saw
23:40 Wheelbarrow
23:25 Pastoralism
24:28 Gold Mining
25:26 Hand Cart
26:22 Loom
26:22 Town Watch
31:20 Imperial Age
29:56 Squires
30:24 Scale Mail Armor
30:59 Iron Casting
30:34 Gambesons
32:18 Chain Mail Armor
31:41 Elite Fire Lancer
32:37 Heavy Rocket Cart
34:20 Plate Mail Armor
34:22 Conscription
35:17 Siege Engineers
36:26 Lamellar Armor
37:28 Chemistry
36:35 Caravan
37:10 Arson
37:19 Fletching
38:48 Pikeman
42:13 Guilds
43:18 Coinage
44:07 Transhumance
44:04 Scale Barding Armor
45:24 Masonry
45:53 Ballistics
45:29 Bodkin Arrow
45:55 Chain Barding Armor
45:24 Capped Ram
47:17 Siege Ram
47:53 Hussar
49:30 Plate Barding Armor
beneath mariana
3:13 Loom
9:17 Feudal Age
10:07 Double-Bit Axe
10:26 Horse Collar
14:29 Bloodlines
16:30 Wheelbarrow
16:40 Gold Mining
17:43 Town Watch
20:44 Castle Age
18:57 Forging
18:52 Scale Barding Armor
19:50 Stone Mining
21:53 Bow Saw
22:06 Chain Barding Armor
22:21 Iron Casting
21:08 Light Cavalry
21:48 Husbandry
22:45 Loom
26:07 Hand Cart
26:52 Heavy Plow
31:11 Imperial Age
30:59 Ballistics
31:17 Fletching
31:29 Capped Ram
32:23 Caravan
32:13 Elite Battle Elephant
35:34 Conscription
35:38 Tusk Swords
36:28 Plate Barding Armor
39:44 Masonry
40:23 Murder Holes
42:09 Blast Furnace
42:16 Scale Mail Armor
42:26 Heavy Scorpion
44:09 Architecture
44:19 Pikeman
45:17 Siege Engineers
46:40 Gold Shaft Mining
47:50 Coinage
47:20 Siege Ram
49:26 Hoardings
48:37 Halberdier
남조선사람
9:52 Feudal Age
14:30 Castle Age
12:39 Double-Bit Axe
14:32 Crossbowman
15:03 Fletching
15:17 Horse Collar
17:05 Bodkin Arrow
17:23 Loom
18:58 Padded Archer Armor
21:37 Wheelbarrow
23:41 Bow Saw
27:35 Ballistics
27:31 Gold Mining
31:54 Imperial Age
29:24 Town Watch
30:42 Heavy Plow
30:58 Hand Cart
30:36 Stone Mining
30:18 Elite Skirmisher
31:15 Leather Archer Armor
31:55 Caravan
32:37 Bracer
32:15 Arbalester
34:25 Chemistry
33:56 Capped Ram
35:05 Yeomen
35:19 Ring Archer Armor
35:14 Forging
35:04 Scale Mail Armor
35:26 Pikeman
36:06 Squires
35:51 Gambesons
35:52 Arson
35:27 Man-at-Arms
36:02 Elite Longbowman
37:22 Halberdier
38:39 Chain Mail Armor
39:49 Iron Casting
40:15 Plate Mail Armor
40:30 Conscription
39:59 Long Swordsman
42:42 Blast Furnace
41:03 Two-Handed Swordsman
43:41 Two-Man Saw
43:01 Warwolf
42:22 Champion
43:33 Murder Holes
43:49 Masonry
44:12 Siege Engineers
44:02 Treadmill Crane
44:53 Coinage
44:51 Town Patrol
45:56 Architecture
45:38 Guilds
47:26 Hoardings
46:59 Scale Barding Armor
47:55 Gold Shaft Mining
48:12 Chain Barding Armor
503058320
6:16 Loom
9:17 Feudal Age
10:28 Double-Bit Axe
12:31 Fletching
19:54 Gold Mining
21:22 Padded Archer Armor
25:11 Castle Age
24:21 Wheelbarrow
25:53 Bodkin Arrow
25:18 Crossbowman
29:24 Leather Archer Armor
30:49 Hand Cart
34:55 Imperial Age
32:29 Horse Collar
33:56 Bow Saw
34:45 Ballistics
34:23 Town Watch
35:33 Thumb Ring
36:14 Bracer
37:16 Chemistry
36:42 Arbalester
38:10 Conscription
38:39 Masonry
42:19 Gold Shaft Mining
42:32 Stone Mining
43:41 Ring Archer Armor
44:03 Squires
44:39 Scale Mail Armor
44:43 Caravan
49:25 Two-Man Saw
48:39 Siege Engineers
Tada
10:25 Feudal Age
11:03 Double-Bit Axe
11:01 Horse Collar
16:33 Castle Age
14:58 Gold Mining
15:05 Loom
16:50 Stone Mining
17:50 Bow Saw
23:24 Wheelbarrow
24:43 Heavy Plow
25:37 Husbandry
26:26 Hand Cart
27:06 Hand Cart
29:09 Gold Shaft Mining
31:33 Imperial Age
29:39 Forging
29:35 Scale Barding Armor
31:36 Iron Casting
33:23 Chemistry
32:32 Heavy Camel Rider
33:35 Conscription
34:07 Chain Barding Armor
35:11 Onager
42:18 Plate Barding Armor
42:30 Light Cavalry
44:58 Bombard Tower
44:20 Treadmill Crane
45:14 Crop Rotation
46:19 Hussar
Berbers Burgers
7:24 Loom
11:14 Feudal Age
15:12 Castle Age
14:49 Double-Bit Axe
17:53 Fletching
21:48 Town Watch
24:47 Bow Saw
25:23 Wheelbarrow
26:16 Gold Mining
30:55 Imperial Age
29:42 Scale Barding Armor
29:48 Forging
30:05 Husbandry
31:14 Chain Barding Armor
32:17 Iron Casting
31:07 Cavalier
35:18 Blast Furnace
35:17 Plate Barding Armor
39:15 Light Cavalry
42:08 Chemistry
bumbsbomba74
6:12 Loom
8:55 Feudal Age
9:23 Double-Bit Axe
12:12 Horse Collar
12:43 Fletching
24:11 Castle Age
26:56 Bow Saw
27:35 Bodkin Arrow
34:22 Imperial Age
32:27 Heavy Plow
33:38 Gold Mining
35:14 Bracer
38:06 Wheelbarrow
40:38 Scale Mail Armor
42:10 Chain Mail Armor
42:58 Hand Cart
43:34 Gold Shaft Mining
42:29 Pikeman
43:09 Squires
44:38 Two-Man Saw
44:54 Plate Mail Armor
44:34 Forging
44:58 Squires
44:43 Gambesons
45:36 Ballistics
46:00 Forging
46:54 Chemistry
45:56 Elite Skirmisher
48:16 Town Watch
This is Kawaii
10:26 Feudal Age
13:42 Castle Age
12:00 Double-Bit Axe
12:25 Horse Collar
14:51 Bow Saw
15:34 Loom
19:39 Ballistics
25:51 Heavy Plow
34:48 Imperial Age
33:15 Wheelbarrow
32:26 Town Watch
32:15 Pikeman
34:11 Scale Mail Armor
35:18 Halberdier
36:31 Siege Engineers
36:28 Heavy Scorpion
38:26 Chemistry
Connection lost

Rejoining the realm…

Still unreachable

The connection could not be restored.

Session expired

The server has moved on; the page needs a fresh start.